 Dungeon Crawl Stone Soup version 0.20.0-8-g6b59dc7 (webtiles) character file.

86 MDvedh the Chopper (level 4, -2/36 HPs)
             Began as a Barachi Fighter on June 2, 2017.
             Slain by an orc
             ... wielding a +0 flail
              (10 damage)
             ... on level 2 of the Dungeon.
             The game lasted 00:01:45 (1073 turns).

MDvedh the Chopper (Barachi Fighter)                Turns: 1073, Time: 00:01:45

Health: -2/36      AC:  6    Str: 23    XL:     4   Next: 49%
Magic:  4/4        EV:  7    Int:  8    God:
Gold:   74         SH:  9    Dex: 12    Spells: 3/3 levels left

rFire    . . .     SeeInvis .   a - +0 war axe
rCold    . . .     Gourm    .   c - +0 shield
rNeg     . . .     Faith    .   b - +0 scale mail
rPois    .         Spirit   .   (no helmet)
rElec    .         Reflect  .   (no cloak)
rCorr    .         Harm     .   (no gloves)
MR       .....                  (no boots)
Stlth    ..........             (no amulet)
Regen    0.2/turn               (no ring)
MPRegen  0.1/turn               (no ring)

@: mighty, drained, slow
A: +LOS, swims, slowness 1, strong legs 1
a: Hop


You were on level 2 of the Dungeon.
You were not hungry.

You visited 1 branch of the dungeon, and saw 2 of its levels.

You collected 74 gold pieces.

Inventory:

Hand Weapons
 a - a +0 war axe (weapon)
Armour
 b - a +0 scale mail (worn)
 c - a +0 shield (worn)
Scrolls
 e - 4 scrolls of identify {unknown}
 h - a scroll of recharging {unknown}
 j - a scroll of magic mapping {unknown}
 k - a scroll of amnesia {unknown}
 o - 2 scrolls of immolation {unknown}
 p - a scroll of remove curse {unknown}
 q - 2 scrolls of teleportation {unknown}
Potions
 i - 2 potions of brilliance {unknown}
 l - a potion of heal wounds {unknown}
 m - a potion of berserk rage {unknown}
Comestibles
 f - 2 bread rations
 g - 2 meat rations
 n - a chunk of flesh


   Skills:
 - Level 3.6(3.5) Fighting
 + Level 5.0(4.9) Axes
 - Level 3.6(3.5) Armour
 - Level 3.2(3.1) Shields


You had 3 spell levels left.
You didn't know any spells.

Dungeon Overview and Level Annotations

Branches:
Dungeon (2/15)

Altars:


Innate Abilities, Weirdness & Mutations

Shadows flee at your approach. (+LOS)
You can swim through water.
You cover ground slowly.
You can hop short distances.


Message History

You block the goblin's attack.
An orc comes into view. It is wielding a short sword.
Your shield and scale mail prevent you from hitting the orc.
You barely miss the goblin. The orc hits you with a flail.
* * * LOW HITPOINT WARNING * * *
You block the goblin's attack.
Unknown command.
Okay, then.
You feel very mighty all of a sudden. You block the orc's attack.
You block the goblin's attack.
Unknown command.
You slash the goblin!
You kill the goblin!
You hit the orc. x2; You block the orc's attack. x2; The orc barely misses you.
Unknown command.
Your shield and scale mail prevent you from hitting the orc.
The orc is heavily wounded.
You closely miss the orc. You block the orc's attack. x2
The orc hits you with a flail!
You die...

##### #.# #.# #...# #.#
#.# #.#.##.# #.# #.#
#.#.##.# #.# #.#
#.#.##.###.# #.#
#.#.##.##..###.###
..######.#...............
...................#####.
#....o@...#.##.#.# #.
......%)o...#.##.#.# #.
###.#............#.# ##
#.#########..#.# #.
##.... . #..##.# . #..#
#. #..# # #.##


You could see 2 orcs.

Vanquished Creatures
  An orc priest (D:2)
  An adder (D:2)
  A worm (D:2)
  A leopard gecko (D:1)
  An orc (D:2)
  A giant cockroach (D:1)
  7 goblins
  6 hobgoblins
  2 jackals (D:2)
  3 kobolds
  A quokka (D:2)
  A ball python (D:1)
  6 bats
  A frilled lizard (D:2)
  8 rats
41 creatures vanquished.

Notes
Turn   | Place    | Note
-------+----------+-------------------------------------------
     0 | D:1      | MDvedh the Barachi Fighter began the quest for the Orb.
     0 | D:1      | Reached XP level 1. HP: 18/18 MP: 1/1
   125 | D:1      | Reached XP level 2. HP: 17/24 MP: 2/2
   126 | D:1      | Reached skill level 3 in Axes
   489 | D:1      | Reached XP level 3. HP: 29/29 MP: 3/3
   730 | D:2      | Reached skill level 4 in Axes
  1069 | D:2      | Reached skill level 5 in Axes
  1069 | D:2      | Reached XP level 4. HP: 12/36 MP: 4/4
  1073 | D:2      | Slain by an orc

Skill      XL: |  1  2  3 |
---------------+----------+-----
Axes           | 3 5 |  5.0
Fighting       | |  3.6
Armour         | |  3.6
Shields        | |  3.2

Action                   |  1- 3 |  4- 6 || total
-------------------------+-------+-------++-------
Melee: War axe           |   143 |     3 ||   146
  Use: Potion            |       |     1 ||     1
  Eat: Chunk             |     1 |       ||     1
Armor: Scale mail        |    74 |       ||    74
Dodge: Dodged            |    58 |     1 ||    59
Block: Shield            |    80 |     9 ||    89
